[Event "Early-Titled-Tuesday-Blitz-April-02-2024"]
[Site "Chess.com"]
[Date "2024.04.02"]
[Round "4"]
[White "Kopytkin"]
[Black "xasid81"]
[Result "1/2-1/2"]
[WhiteElo "2411"]
[BlackElo "2640"]
[TimeControl "180+1"]
[EndTime "8:41:09 PDT"]
[Termination "Game drawn by repetition"]

1. e4 e6 2. d4 d5 3. e5 c5 4.
c3 Nc6 5. Nf3 Nge7 6. h4 h5 7.
Bg5 Qb6 8. Qd2 Nf5 9. dxc5 Bxc5 10. b4 Be7 11. Bd3 a5 12. b5 Nb8 13. O-O Bxg5 14. Qxg5 Qd8 15. Qxd8+ Kxd8 16. Bxf5 exf5 17. Rd1 Be6 18. c4 d4 19. Nxd4 Ke7 20. Nxe6 fxe6 21.
Na3 Nd7 22. Rd6 Nxe5 23. Rb6 Rhc8 24. Re1 Nxc4 25. Rbxe6+ Kf8 26. Nxc4 Rxc4 27. R1e5 Rxh4 28. Rxf5+ Kg8 29. Rb6 Rd8 30. g3 Rg4 31. Rxb7 h4 32. Kg2 hxg3 33. fxg3 Rd2+ 34. Kh3 Rg6 35. Ra7 Rxa2 36.
Ra8+ Kh7 37. b6 Rh6+ 38. Kg4 Ra4+ 39. Rf4 Rg6+ 40. Kf3 Ra3+ 41. Kf2 Rxb6 42. Kg2 Rg6 43. g4 Rb6 44. Rf3 Ra4 45. Kg3 Rbb4 46. g5 Rg4+ 47. Kf2 Rxg5 48. Rh3+ Kg6 49. Ra6+ Kf7 50. Rf3+ Ke7 51.
Re3+ Kd7 52. Rd3+ Kc7 53. Rc3+ Kb7 54. Re6 Rf5+ 55. Ke3 g5 56. Rec6 Re5+ 57. Kf3 Rf4+ 58. Kg3 Re3+ 59. Rxe3 Kxc6 60. Re5 a4 61. Rxg5 Rd4 62.
Ra5 Kb6 63. Ra8 Kb5 64. Kf3 Kb4 65. Ke3 Rd7 66. Rb8+ Ka3 67. Ke2 Ka2 68. Ke3 a3 69. Ke2 Rd6 70. Ke3 Ka1 71. Ke2 a2 72. Ke1 Rd5 73. Ke2 Rd7 74. Ke1 Rd3 75. Ke2 Rh3 76. Kd1 Rc3 77. Kd2 Rc6 78. Kd1 Rc5 79. Kd2 Rh5 80.
Kc2 Rh2+ 81. Kc3 Rh1 82. Kc2 Rb1 83. Rg8 Rf1 84. Rb8 Rf2+ 85. Kc1 Rh2 86. Rb7 Rh1+ 87. Kc2 Rh2+ 88. Kc1 Rh3 89. Kc2 Rh4 90. Kc1 Rc4+ 91. Kd2 Rc5 92. Kd1 Rc8 93. Kd2 Rh8 94. Kc2 Rh2+ 95.
Kc1 1/2-1/2

[Event "Early-Titled-Tuesday-Blitz-April-02-2024"]
[Site "Chess.com"]
[Date "2024.04.02"]
[Round "4"]
[White "NovoselovRoman"]
[Black "chito89"]
[Result "0-1"]
[WhiteElo "2598"]
[BlackElo "2809"]
[TimeControl "180+1"]
[EndTime "8:41:10 PDT"]
[Termination "chito89 won by resignation"]

1. d4 Nf6 2. Nc3 d5 3. Bf4 a6 4. e3 c5 5. Nf3 cxd4 6. exd4 Nc6 7. Bd3 Bg4 8. Be2 e6 9. Ne5 Bxe2 10. Nxe2 Qb6 11.
O-O Rc8 12. Rb1 Be7 13. c3 Nh5 14. Be3 Bd6 15. Nd3 Qc7 16. Ng3 Nf6 17. Qf3 h5 18. Bf4 h4 19. Ne2 Ne4 20. Bxd6 Qxd6 21. Rbd1 g5 22.
Qe3 Rg8 23. f3 Nf6 24. Nc5 b6 25. Nd3 Ne7 26. Ne5 Nf5 27. Qd3 b5 28. Rde1 Qb6 29. Nc1 b4 30. Nb3 a5 31. Nc5 bxc3 32. bxc3 Rxc5 33.
dxc5 Qxc5+ 34. Rf2 Kf8 35. Ng4 Nh5 36. Ne3 Nf4 37.
Qd2 Nd6 38. Kh1 Ke7 39. Rff1 f6 40. Qf2 Kf7 41. Nd1 Qxf2 42. Nxf2 Rc8 43. Rc1 Nc4 44. Rfe1 Na3 45. g3 hxg3 46. hxg3 Ng6 47. Kg2 Nb5 48. Re3 Ne5 49. Nd3 Nc4 50. Ree1 Nbd6 51.
Rb1 Na3 52. Rb3 Nac4 53. Rc1 Kg6 54. Kf2 Nf5 55. g4 Ne7 56. Rb7 Nc6 57. Nc5 N6e5 58.
Nxe6 Nd3+ 59. Kg3 Nxc1 60. Rg7+ Kh6 61. Rf7 Kg6 62. Rg7+ Kh6 63. Rf7 Ne2+ 64. Kg2 Nf4+ 65. Nxf4 gxf4 66. Rxf6+ Kg7 67. Rxf4 Rb8 68. Kg3 Rb2 69. Rd4 Nb6 70. a4 Ra2 71. g5 Rxa4 72.
Rd1 Rc4 73. f4 a4 74. Kg4 a3 75. Ra1 Rxc3 76. f5 Rc4+ 77. Kh5 Ra4 78. f6+ Kf7 79. Rf1 a2 80. g6+ Ke6 81. f7 Nd7 82. g7 a1=Q 83. Rxa1 Rxa1 84. g8=Q Nf6+ 85. Kh4 Rh1+ 86. Kg3 Rg1+ 87.
Kf2 Rxg8 88. fxg8=Q+ Nxg8 89. Ke3 Ke5 90. Kd3 Nf6 91.
Ke3 d4+ 92. Kd3 Kd5 93. Ke2 Ke4 94. Kd2 d3 95. Ke1 Ke3 96. Kd1 d2 97. Kc2 Ke2 98. Kb2 d1=Q 0-1

[Event "Early-Titled-Tuesday-Blitz-April-02-2024"]
[Site "Chess.com"]
[Date "2024.04.02"]
[Round "4"]
[White "Kirill_Klukin"]
[Black "Aslanov_Umid"]
[Result "1/2-1/2"]
[WhiteElo "2824"]
[BlackElo "2652"]
[TimeControl "180+1"]
[EndTime "8:41:19 PDT"]
[Termination "Game drawn - insufficient material"]

1. d4 d5 2. c4 e6 3. Nf3 Nf6 4. Nc3 Be7 5. Bg5 h6 6. Bh4 O-O 7. e3 b6 8. cxd5 Nxd5 9. Bxe7 Qxe7 10. Nxd5 exd5 11. Be2 Be6 12. O-O c5 13. dxc5 bxc5 14. Rc1 Rc8 15. Qa4 Kf8 16. Rfd1 Nd7 17. Qa5 c4 18. Nd4 Qc5 19. Qa6 Qb6 20. Qa3+ Qc5 21. Qc3 Nf6 22. Bf3 Rab8 23. b3 Qb4 24. bxc4 Qxc3 25.
Rxc3 Rxc4 26. Ra3 Rc7 27. h3 Ke7 28. Rdd3 Ne4 29. Bxe4 dxe4 30. Rdc3 Rxc3 31. Rxc3 Rb1+ 32. Kh2 Bxa2 33. Rc7+ Kf6 34. Rxa7 Be6 35. Kg3 g5 36. Ra4 Ke5 37. Ra5+ Kf6 38. h4 gxh4+ 39. Kxh4 Rh1+ 40.
Kg3 h5 41. Kf4 Rh4+ 42. Kg3 Rh1 43. Ra8 Ke5 44. Rh8 Kf6 45. Kf4 Rh4+ 46. Kg3 Rh1 47. Nxe6 fxe6 48. Kf4 Rh4+ 49. Kg3 Rh1 50. Rg8 Kf5 51.
Rf8+ Kg5 52. Rg8+ Kf5 53. f3 h4+ 54. Kf2 exf3 55. Kxf3 h3 56. g4+ Ke5 57. Rh8 h2 58. Rh5+ Kf6 59. Kg2 Re1 60. Rxh2 Rxe3 61. Rh5 Kg6 62.
Kf2 Ra3 63. Rb5 Rc3 64. Kg2 Ra3 65. Re5 Kf6 66. Rc5 Kg6 67. Kf2 Kf6 68. Rb5 Rc3 69. Rh5 Kg6 70. Kg2 Ra3 71. Rh8 Kg5 72. Rg8+ Kf4 73.
g5 Ra5 74. g6 Rg5+ 75. Kf2 Kf5 76. g7 Kf6 77. Ra8 Kxg7 78. Kf3 Kf6 79. Ra4 Rb5 80. Ke3 Rh5 81. Kf3 Rh3+ 82. Ke2 Kf5 83. Kf2 e5 84. Ke2 Rg3 85. Kf2 Rb3 86. Ke2 Rb2+ 87. Ke3 Rh2 88.
Kf3 Rh3+ 89. Ke2 Rg3 90. Kf2 Rg4 91. Rxg4 Kxg4 92. Ke3 Kf5 93. Kf3 e4+ 94. Ke3 Ke5 95.
Ke2 Kf4 96. Kf2 e3+ 97. Ke2 Ke4 98. Ke1 Kf4 99. Ke2 Ke4 100. Ke1 Kd4 101. Ke2 Kd5 102. Kxe3 1/2-1/2

[Event "Early-Titled-Tuesday-Blitz-April-02-2024"]
[Site "Chess.com"]
[Date "2024.04.02"]
[Round "4"]
[White "Firouzja2003"]
[Black "MetiForce"]
[Result "0-1"]
[WhiteElo "3102"]
[BlackElo "2889"]
[TimeControl "180+1"]
[EndTime "8:41:31 PDT"]
[Termination "MetiForce won by resignation"]

1. e4 e5 2. Nf3 Nc6 3. Bb5 a6 4. Ba4 Nf6 5. Bxc6 dxc6 6. d3 Nd7 7. Nc3 Bd6 8. Be3 Qe7 9. h3 Nf8 10. Qe2 Ne6 11. O-O-O O-O 12. h4 b5 13. Qd2 c5 14. h5 Nd4 15. Nd5 Qd8 16. Kb1 c6 17. Nc3 Bg4 18. Ne2 b4 19. Bxd4 cxd4 20. Ng3 a5 21. Nf5 a4 22. Rh4 Bxf5 23. exf5 b3 24. Rg4 Kh8 25. Qg5 Qxg5 26. Nxg5 bxa2+ 27. Kxa2 a3 28. b3 h6 29. Ne4 Bb4 30. Rh1 f6 31.
Rg6 Ra7 32. Rg3 Rd7 33. Rf1 Re8 34. Rh3 Kh7 35. f3 Rd5 36. Rf2 Rd7 37. Re2 Rd5 38.
Rh1 Re7 39. Rf1 Kg8 40. g3 Kf7 41. Rb1 Rd8 42. Nd2 Rd5 43. Nc4 Ra7 44. Re4 Rb5 45.
Rf1 Rd5 46. Rf2 Re7 47. Rfe2 Rdd7 48. g4 Rd5 49. Nd2 Rdd7 50. Nf1 Ra7 51. Ng3 Rad7 52. Nh1 Rd5 53. Nf2 Rdd7 54. Nh3 Ra7 55. f4 exf4 56. Nxf4 Rxe4 57. Rxe4 c5 58. Ng6 Rd7 59. Re6 Rc7 60. Ra6 Ke8 61. Ra8+ Kd7 62. Ra6 Kc8 63. Nf8 Re7 64.
Ne6 Kb7 65. Rd6 Ka7 66. Rd8 Kb7 67. Rg8 Kc6 68. Rd8 Ra7 69. Rg8 Re7 70. Rxg7 Rxg7 71. Nxg7 Kd6 72. Kb1 Ke5 73. Ne8 Bc3 74. Ka2 Bb4 75. Ka1 Bc3+ 76. Kb1 Bb4 77. Ka2 Kf4 78. Nxf6 Kg5 79. Ne4+ Kxg4 80. f6 Kxh5 81. f7 c4 82. bxc4 Kg6 83. c5 Kxf7 84. Kb3 Ke6 85. c4 dxc3 86. d4 Kd5 87. Nf6+ Kc6 88. Ne4 Kd5 89. Nf6+ Kxd4 90. c6 Bd6 91. Ne8 Be5 92. c7 Bxc7 93. Nxc7 Kd3 94. Nd5 a2 95. Nb4+ Kd2 96. Nxa2 c2 97.
Kb2 h5 98. Nc1 h4 0-1

[Event "Early-Titled-Tuesday-Blitz-April-02-2024"]
[Site "Chess.com"]
[Date "2024.04.02"]
[Round "4"]
[White "djokovic74"]
[Black "Sanan_Sjugirov"]
[Result "1/2-1/2"]
[WhiteElo "2759"]
[BlackElo "2983"]
[TimeControl "180+1"]
[EndTime "8:42:13 PDT"]
[Termination "Game drawn - insufficient material"]

1. e4 c5 2. Nf3 d6 3. d4 cxd4 4. Nxd4 Nf6 5. Nc3 a6 6. Be2 e5 7. Nb3 Be7 8. O-O O-O 9. Kh1 Nc6 10. f4 b5 11. a4 b4 12. Nd5 Bb7 13. Be3 Nxd5 14.
exd5 Na5 15. Nxa5 Qxa5 16. fxe5 Bxd5 17. exd6 Bxd6 18. Bf3 Bxf3 19. Qxd6 Be4 20. Rf2 Rfe8 21. Bb6 Qg5 22. Qxb4 Re6 23. Qd2 Qg6 24. a5 h5 25. Raf1 f5 26. Qf4 Rae8 27. h3 Bc6 28. Qxf5 Qh6 29. Qf7+ Kh7 30. Qf4 Rg6 31. Qxh6+ Kxh6 32. Kh2 h4 33. c3 Re5 34. Bd4 Re4 35. b4 Kh7 36. Rg1 Ree6 37. g3 Rh6 38. gxh4 Re7 39. Rg4 Bd7 40. Rgf4 Be8 41. Kg3 Rg6+ 42. Rg4 Rge6 43.
Rgf4 Rg6+ 44. Kh2 Bc6 45. Rg4 Rh6 46. h5 Rxh5 47. Kg3 g5 48. Rf5 Bd7 49. Rgxg5 Rh6 50. Re5 Rxh3+ 51. Kf2 Rf7+ 52. Ke2 Bb5+ 53. Kd2 Rd3+ 54.
Kc2 Bc4 55. Rh5+ Kg8 56. Reg5+ Kf8 57. Bc5+ Ke8 58. Rh8+ Kd7 59. Rh4 Bb5 60. Rd4+ Rxd4 61. Bxd4 Rf3 62. Rd5+ Ke6 63. Re5+ Kd6 64. Rg5 Bc4 65.
Rc5 Bb5 66. Kd2 Rd3+ 67. Ke1 Rh3 68. Kf2 Rd3 69. Rg5 Bc4 70. Bc5+ Kc6 71. Bd4 Kd6 72. Ke1 Rh3 73. Kd2 Rd3+ 74. Kc2 Rf3 75. Rc5 Bb5 76. c4 Ba4+ 77. Kd2 Rb3 78. Be5+ Ke6 79. Bc3 Ra3 80. Re5+ Kd6 81. Rg5 Bb3 82. Rg6+ Kd7 83. Rxa6 Bxc4 84. Rb6 Kc7 85. Be5+ Kd7 86. Rd6+ Ke7 87.
Rb6 Kd7 88. Bc3 Rb3 89. Rb7+ Kc6 90. Rb6+ Kd5 91. Rh6 Ra3 92. Rh5+ Kd6 93. Bd4 Rd3+ 94. Kc2 Rxd4 95. Kc3 Rg4 96. Rh6+ Kc7 97. Rh5 Ba6 98.
b5 Bc8 99. Rh7+ Kb8 100. Kb3 Be6+ 101. Ka3 Rd4 102. Rh8+ Kb7 103. Rh7+ Bd7 104. Kb3 Kc7 105. Kc3 Ra4 106. b6+ Kc6 107. b7 Kxb7 108. Rxd7+ Ka6 109. Rd5 Rxa5 110.
Rxa5+ Kxa5 1/2-1/2

[Event "Early-Titled-Tuesday-Blitz-April-02-2024"]
[Site "Chess.com"]
[Date "2024.04.02"]
[Round "5"]
[White "bilelou"]
[Black "GM_Levan_Pantsulaia"]
[Result "0-1"]
[WhiteElo "2659"]
[BlackElo "2880"]
[TimeControl "180+1"]
[EndTime "8:50:59 PDT"]
[Termination "GM_Levan_Pantsulaia won by resignation"]

1. e4 c5 2. Nf3 e6 3. d4 cxd4 4.
Nxd4 a6 5. Nc3 b5 6. Bd3 Bb7 7. O-O b4 8. Na4 Nc6 9. Nb3 Nf6 10. Re1 d6 11. Be3 Nd7 12. Qg4 Nce5 13. Qg3 Bc6 14.
Nd4 Bxa4 15. b3 Nxd3 16. cxd3 Bb5 0-1

[Event "Early-Titled-Tuesday-Blitz-April-02-2024"]
[Site "Chess.com"]
[Date "2024.04.02"]
[Round "5"]
[White "Refrigerator1955"]
[Black "Suduvasachmatai"]
[Result "0-1"]
[WhiteElo "1972"]
[BlackElo "2324"]
[TimeControl "180+1"]
[EndTime "8:50:59 PDT"]
[Termination "Suduvasachmatai won by resignation"]

1. e4 c5 2. Nf3 d6 3. Nc3 Nf6 4. g3 e6 5. Bg2 Nc6 6. O-O Be7 7. d3 O-O 8. h3 Bd7 9. Be3 Rc8 10. Nd2 d5 11. exd5 exd5 12. Bf4 d4 13. Nce4 Nxe4 14. Nxe4 Be6 15. Re1 Qd7 16. Ng5 Bxg5 17. Bxg5 Bxh3 18. Qh5 Bxg2 19. Kxg2 Qd5+ 20. Kg1 h6 0-1

[Event "Early-Titled-Tuesday-Blitz-April-02-2024"]
[Site "Chess.com"]
[Date "2024.04.02"]
[Round "5"]
[White "Aural1011"]
[Black "Slovineanu"]
[Result "0-1"]
[WhiteElo "1781"]
[BlackElo "2478"]
[TimeControl "180+1"]
[EndTime "8:51:38 PDT"]
[Termination "Slovineanu won by resignation"]

1. d4 Nf6 2. c4 e6 3. Nc3 d5 4. cxd5 Nxd5 5. e4 Nxc3 6. bxc3 c5 7. Nf3 cxd4 8. cxd4 Bb4+ 9. Bd2 Bxd2+ 10. Qxd2 O-O 11. Bd3 Nc6 12. Bc2 Qa5 13. Qxa5 Nxa5 14.
O-O Bd7 15. Ne5 Rfd8 16. Rab1 Be8 17. Rfd1 f6 18. Nf3 Rac8 19. Bb3 Nxb3 20. Rxb3 b6 21. h3 Ba4 22. Rbd3 Bxd1 23. Rxd1 Kf7 24. a4 Rc4 25. Ra1 Rdc8 26. Kh2 a5 27. Rb1 Rb4 0-1

[Event "Early-Titled-Tuesday-Blitz-April-02-2024"]
[Site "Chess.com"]
[Date "2024.04.02"]
[Round "5"]
[White "Iskusnyh"]
[Black "Aleksandar-Topalov"]
[Result "1-0"]
[WhiteElo "2620"]
[BlackElo "2338"]
[TimeControl "180+1"]
[EndTime "8:51:42 PDT"]
[Termination "Iskusnyh won by resignation"]

1. d4 e6 2. c4 f5 3. g3 Nf6 4. Bg2 Be7 5. Nf3 O-O 6. O-O d6 7. b4 Ne4 8. Bb2 Bf6 9. Nbd2 Nxd2 10. Qxd2 Qe7 11. c5 d5 12. b5 c6 13. a4 Nd7 14.
a5 a6 15. bxa6 Rxa6 16. Ra3 Re8 17. Rb1 e5 18. dxe5 Nxe5 19. Bxe5 Bxe5 20. Nxe5 Qxe5 21. Re3 1-0

[Event "Early-Titled-Tuesday-Blitz-April-02-2024"]
[Site "Chess.com"]
[Date "2024.04.02"]
[Round "5"]
[White "mertfelin"]
[Black "Flaccidmoves"]
[Result "0-1"]
[WhiteElo "2273"]
[BlackElo "2436"]
[TimeControl "180+1"]
[EndTime "8:51:59 PDT"]
[Termination "Flaccidmoves won by resignation"]

1. e4 Nf6 2. e5 Nd5 3. d4 d6 4. c4 Nb6 5. exd6 exd6 6. Nc3 Be7 7. Be2 Bf5 8. Nf3 O-O 9. O-O N8d7 10. b3 Re8 11. h3 c6 12. Bf4 Nf6 13. Re1 Ne4 14.
Nxe4 Bxe4 15. Bd3 Bxd3 16. Qxd3 d5 17. c5 Nd7 18. Be5 Bf6 19. Bxf6 Qxf6 20. Re2 Nxc5 21. Qc2 Rxe2 22. Qxe2 Ne4 23. Re1 Re8 24. Qd3 h6 25. b4 Re6 26. Ne5 Qxf2+ 0-1

[Event "Early-Titled-Tuesday-Blitz-April-02-2024"]
[Site "Chess.com"]
[Date "2024.04.02"]
[Round "5"]
[White "Manukyan_Artak"]
[Black "MatthewG-p4p"]
[Result "1-0"]
[WhiteElo "2558"]
[BlackElo "2858"]
[TimeControl "180+1"]
[EndTime "8:52:04 PDT"]
[Termination "Manukyan_Artak won by resignation"]

1. e4 c5 2. Nf3 g6 3. c3 Bg7 4.
d4 cxd4 5. cxd4 d5 6. exd5 Nf6 7.
Bb5+ Nbd7 8. Nc3 O-O 9. Bxd7 Bxd7 10. Qb3 b5 11. O-O Rb8 12. Bf4 Rb7 13. Ne5 Qb6 14. Rfd1 b4 15. Na4 Bxa4 16. Qxa4 Nxd5 17. Bg3 Rd8 18. Rac1 Qc6 19. Nxc6 1-0

[Event "Early-Titled-Tuesday-Blitz-April-02-2024"]
[Site "Chess.com"]
[Date "2024.04.02"]
[Round "5"]
[White "Squirlolz"]
[Black "Road2GM3000"]
[Result "0-1"]
[WhiteElo "2583"]
[BlackElo "2444"]
[TimeControl "180+1"]
[EndTime "8:52:08 PDT"]
[Termination "Road2GM3000 won by resignation"]

1. b3 d5 2. Bb2 c6 3. e3 Nf6 4. f4 g6 5. Nf3 Bg7 6. g3 O-O 7. Bg2 Ne8 8. Nc3 Bg4 9. h3 Bxf3 10. Qxf3 Nd7 11. h4 e5 12. h5 e4 13. Qe2 g5 14. h6 Bh8 15. Qh5 f5 16. fxg5 Ne5 17. O-O-O Nd6 18. Ne2 Ng6 19. Nf4 Bxb2+ 20. Kxb2 Qe8 21. Nxg6 hxg6 22. h7+ Kh8 23. Qh6 Rd8 24.
Bh3 Rd7 25. Rdf1 Rxh7 26. Bxf5 Rxh6 27. Rxh6+ Kg7 28. Bxg6 Qe5+ 0-1

[Event "Early-Titled-Tuesday-Blitz-April-02-2024"]
[Site "Chess.com"]
[Date "2024.04.02"]
[Round "5"]
[White "WCM-Mexicana"]
[Black "bazar-wokzal"]
[Result "0-1"]
[WhiteElo "2260"]
[BlackElo "2558"]
[TimeControl "180+1"]
[EndTime "8:52:09 PDT"]
[Termination "bazar-wokzal won by resignation"]

1. d4 Nf6 2. c4 Nc6 3. Nc3 e5 4. d5 Ne7 5. e4 Ng6 6. g3 Bc5 7.
Bg2 a5 8. Nge2 d6 9. O-O h5 10. h4 Ng4 11. Bd2 Nxh4 12. Nc1 Qf6 13. Nd3 Ba7 14. gxh4 Qxh4 15. Re1 Nxf2 16. Nxf2 Qxf2+ 17. Kh2 Qh4+ 0-1

[Event "Early-Titled-Tuesday-Blitz-April-02-2024"]
[Site "Chess.com"]
[Date "2024.04.02"]
[Round "5"]
[White "PapaieDudu"]
[Black "tortorchess"]
[Result "0-1"]
[WhiteElo "2383"]
[BlackElo "2221"]
[TimeControl "180+1"]
[EndTime "8:52:31 PDT"]
[Termination "tortorchess won by resignation"]

1. e4 c5 2. Nf3 Nc6 3. d4 cxd4 4. Nxd4 e5 5. Nb5 d6 6. c4 Nf6 7. N1c3 a6 8. Na3 Be7 9. Be2 O-O 10. Be3 Be6 11.
O-O Kh8 12. f3 Nd7 13. Nd5 f5 14. Rb1 Rc8 15. b4 Bg5 16. Bf2 Nf6 17. Nb6 Rb8 18.
c5 fxe4 19. cxd6 e3 20. Bg3 Qxb6 21. b5 axb5 22. Rxb5 Qd8 23. h4 Bh6 24. Nc4 Nh5 25. Bxe5 Nxe5 26. Nxe5 Ng3 27. Re1 Qxh4 0-1

[Event "Early-Titled-Tuesday-Blitz-April-02-2024"]
[Site "Chess.com"]
[Date "2024.04.02"]
[Round "5"]
[White "Sanyura"]
[Black "Anton_Demchenko"]
[Result "0-1"]
[WhiteElo "2616"]
[BlackElo "2971"]
[TimeControl "180+1"]
[EndTime "8:52:34 PDT"]
[Termination "Anton_Demchenko won by resignation"]

1. e4 e5 2. Nf3 Nc6 3. Bb5 a6 4. Ba4 Nge7 5. O-O Ng6 6. c3 d6 7. d4 Bd7 8. Bg5 Be7 9. Bxe7 Qxe7 10. Nbd2 O-O 11. Bxc6 Bxc6 12. dxe5 dxe5 13. Qb3 Rad8 14.
Nc4 Bxe4 15. Ncd2 Bd5 16. c4 Bc6 17. Rfe1 f6 18. Ne4 Qf7 19. Qc3 Nf4 20. Nc5 b6 21. Ne4 Rd3 22. Qc2 Rxf3 0-1

[Event "Early-Titled-Tuesday-Blitz-April-02-2024"]
[Site "Chess.com"]
[Date "2024.04.02"]
[Round "5"]
[White "lcmil"]
[Black "dosto07"]
[Result "0-1"]
[WhiteElo "2281"]
[BlackElo "2459"]
[TimeControl "180+1"]
[EndTime "8:52:39 PDT"]
[Termination "dosto07 won on time"]

1. e4 e5 2. f4 d5 3. Nf3 exf4 4. exd5 Nf6 5. Bb5+ c6 6. dxc6 bxc6 7. Qe2+ Be7 8. Bc4 O-O 9. O-O Bg4 10. d4 Bd6 11. Qd3 Bh5 12. Ne5 c5 13. Bxf4 cxd4 14. Qxd4 Qc7 15. Kh1 Nc6 0-1

[Event "Early-Titled-Tuesday-Blitz-April-02-2024"]
[Site "Chess.com"]
[Date "2024.04.02"]
[Round "5"]
[White "Roosters19"]
[Black "ViratKohl_i"]
[Result "0-1"]
[WhiteElo "2285"]
[BlackElo "2505"]
[TimeControl "180+1"]
[EndTime "8:52:45 PDT"]
[Termination "ViratKohl_i won by resignation"]

1. d4 Nf6 2. Bg5 g6 3. Bxf6 exf6 4. e3 Bg7 5. Ne2 O-O 6. Nf4 d5 7. h4 Re8 8. c4 c6 9. cxd5 Qd6 10. Be2 Bh6 11. Nd3 cxd5 12. Nc3 Nc6 13. Qb3 Be6 14. h5 Bg7 15. hxg6 hxg6 16. Kd2 Na5 17. Qc2 Nc4+ 18.
Ke1 Bf5 19. Rc1 Rxe3 20. fxe3 Qg3+ 21. Kd1 Nxe3+ 22. Kd2 Nxc2 23. Kxc2 0-1

[Event "Early-Titled-Tuesday-Blitz-April-02-2024"]
[Site "Chess.com"]
[Date "2024.04.02"]
[Round "5"]
[White "AlainBruxelles"]
[Black "Dixit_Nikhil"]
[Result "0-1"]
[WhiteElo "2318"]
[BlackElo "2640"]
[TimeControl "180+1"]
[EndTime "8:52:49 PDT"]
[Termination "Dixit_Nikhil won by resignation"]

1. e4 c5 2. Nf3 Nc6 3. Nc3 e5 4. g3 d6 5. Bg2 Be7 6. O-O Nf6 7. d3 O-O 8. h3 h6 9. Be3 Be6 10. Qd2 Qd7 11. Kh2 d5 12. exd5 Nxd5 13. Nxd5 Bxd5 14.
Rae1 f5 15. Qc3 b6 16. Nxe5 Nxe5 17. Qxe5 Bxg2 18. Kxg2 Bf6 19. Qf4 Bxb2 20. Qf3 Bc3 21. Re2 Rae8 22. h4 Re7 23. Bd2 Rxe2 24. Qxe2 Qd5+ 25.
Kh2 Bxd2 26. Qxd2 Qxa2 27. Re1 Qf7 28. Qf4 a5 29. Qd6 f4 30. Re7 fxg3+ 31. fxg3 Qf2+ 32.
Kh3 Qf1+ 0-1

[Event "Early-Titled-Tuesday-Blitz-April-02-2024"]
[Site "Chess.com"]
[Date "2024.04.02"]
[Round "5"]
[White "Martial2008"]
[Black "Kushch_Nikolai"]
[Result "1-0"]
[WhiteElo "2633"]
[BlackElo "2434"]
[TimeControl "180+1"]
[EndTime "8:52:55 PDT"]
[Termination "Martial2008 won by resignation"]

1. d4 Nf6 2. Nf3 e6 3. Bg5 c5 4. e3 b6 5. d5 d6 6. Nc3 e5 7.
Bb5+ Bd7 8. a4 Be7 9. O-O a6 10. Bxd7+ Nfxd7 11. Bxe7 Qxe7 12. e4 O-O 13. Qd3 g6 14. g3 Nf6 15. Nd2 Nbd7 16. Nc4 Rab8 17. Na3 Ra8 18. Rae1 Nh5 19. f4 exf4 20. gxf4 Rfe8 21.
Nc4 Rab8 22. e5 dxe5 23. fxe5 Qg5+ 24. Kh1 Nxe5 25. Nxe5 Rxe5 26. d6 Rd8 27. Qc4 Nf6 28. Ne4 Nd5 29. Nxg5 1-0

[Event "Early-Titled-Tuesday-Blitz-April-02-2024"]
[Site "Chess.com"]
[Date "2024.04.02"]
[Round "5"]
[White "Josgar05"]
[Black "lularobs"]
[Result "1-0"]
[WhiteElo "2346"]
[BlackElo "1567"]
[TimeControl "180+1"]
[EndTime "8:53:00 PDT"]
[Termination "Josgar05 won by resignation"]

1. Nf3 Nf6 2. b3 g6 3. Bb2 Bg7 4. g3 O-O 5. Bg2 d5 6. O-O Bg4 7.
c4 Bxf3 8. Bxf3 c6 9. d3 e6 10. Nd2 Nbd7 11. e4 dxe4 12. dxe4 Nc5 13. Qe2 Nfxe4 14. Nxe4 Bxb2 15. Qxb2 Nxe4 16. Bxe4 f5 17. Bg2 Qg5 18. Qe5 Rfe8 19. Rad1 Rac8 20. Rd7 Qh6 21. Rxb7 a6 22. Rd1 1-0

[Event "Early-Titled-Tuesday-Blitz-April-02-2024"]
[Site "Chess.com"]
[Date "2024.04.02"]
[Round "5"]
[White "Rurep26"]
[Black "Firouzja2003"]
[Result "0-1"]
[WhiteElo "2720"]
[BlackElo "3104"]
[TimeControl "180+1"]
[EndTime "8:53:13 PDT"]
[Termination "Firouzja2003 won by resignation"]

1. d4 Nf6 2. Bf4 g6 3. Nc3 d5 4. e3 Bg7 5. h4 h5 6. Nf3 Bg4 7. Qd2 c5 8. Bb5+ Nc6 9. Ne5 O-O 10. Nxc6 bxc6 11. Bxc6 Rc8 12. Bb7 cxd4 13. exd4 Rc4 14. O-O Qb6 15. Bxd5 Rxd4 16. Qc1 Nxd5 17. Nxd5 Rxd5 18.
c3 Rc8 19. Re1 Rb5 20. Rxe7 Rxb2 21. Bg3 Bf5 22. Qf4 Bxc3 23. Rd1 Rb1 24. Rxb1 Qxb1+ 25. Kh2 Qxa2 26. Qd6 a5 27. Ra7 Qc4 28. Qe7 a4 29.
Bd6 Qe6 30. Qxe6 Bxe6 31. Rxa4 Bf6 32. Bg3 Rc4 0-1

[Event "Early-Titled-Tuesday-Blitz-April-02-2024"]
[Site "Chess.com"]
[Date "2024.04.02"]
[Round "5"]
[White "Joachim100x"]
[Black "Keeper0416"]
[Result "0-1"]
[WhiteElo "2542"]
[BlackElo "2565"]
[TimeControl "180+1"]
[EndTime "8:53:13 PDT"]
[Termination "Keeper0416 won by resignation"]

1. Nf3 Nf6 2. g3 g6 3. b3 Bg7 4. Bb2 O-O 5. Bg2 c5 6. O-O d5 7. d4 Ne4 8. Nbd2 Nc6 9. e3 Bg4 10. c3 e5 11. dxe5 Bxe5 12. Nxe4 dxe4 13. Qxd8 Raxd8 14. Nxe5 Nxe5 15. Bxe4 Nf3+ 16. Bxf3 Bxf3 17. c4 f6 18. Bc3 Rd3 19. Rac1 Kf7 20. Rfe1 f5 21.
b4 Rfd8 22. bxc5 g5 23. Be5 Rc8 24. Bd4 h5 25. Rc3 Rd2 26. c6 Rxc6 27. Bxa7 h4 28. Bd4 hxg3 29. fxg3 Rh6 30. Rf1 Rg2+ 0-1

[Event "Early-Titled-Tuesday-Blitz-April-02-2024"]
[Site "Chess.com"]
[Date "2024.04.02"]
[Round "5"]
[White "campochess"]
[Black "Massakru"]
[Result "0-1"]
[WhiteElo "2189"]
[BlackElo "2386"]
[TimeControl "180+1"]
[EndTime "8:53:15 PDT"]
[Termination "Massakru won by resignation"]

1. Nf3 d5 2. b3 Nc6 3. Bb2 Bf5 4. e3 a6 5. Nc3 Nf6 6. Ne2 h6 7. Nf4 Qd6 8. Bd3 Bg4 9. h3 Bxf3 10. gxf3 e5 11.
Ng2 O-O-O 12. Qe2 Nb4 13. O-O-O Nxa2+ 14. Kb1 Nb4 15. Bf5+ Kb8 16. Ba3 Qb6 17. Bb2 d4 18.
exd4 exd4 19. Qc4 Rd5 20. Be4 Nxe4 21. fxe4 Rd7 22. Nf4 Bc5 23. Nd5 Nxd5 24. exd5 Rhd8 25. Rhe1 Rxd5 26. Re4 f6 27. Rde1 d3 28. cxd3 Bxf2 29. Re8 Bxe1 30. Qxd5 Rxe8 31. Bd4 Qb5 0-1

[Event "Early-Titled-Tuesday-Blitz-April-02-2024"]
[Site "Chess.com"]
[Date "2024.04.02"]
[Round "5"]
[White "LikeWater"]
[Black "vladoboch"]
[Result "0-1"]
[WhiteElo "2646"]
[BlackElo "2525"]
[TimeControl "180+1"]
[EndTime "8:53:24 PDT"]
[Termination "vladoboch won by resignation"]

1. Nf3 c5 2. g3 d6 3. Bg2 Nc6 4. O-O Bd7 5. c3 g6 6. d4 Bg7 7.
dxc5 dxc5 8. Be3 b6 9. Qb3 Nf6 10. Rd1 O-O 11. Ng5 Rc8 12. Na3 h6 13. Nh3 Ne5 14. Nb5 a6 15. Na7 Ra8 16. Bxa8 Qxa8 17. Qxb6 Bxh3 18. f3 Nxf3+ 19. exf3 Qxf3 0-1

[Event "Early-Titled-Tuesday-Blitz-April-02-2024"]
[Site "Chess.com"]
[Date "2024.04.02"]
[Round "5"]
[White "ketster"]
[Black "kleber2007"]
[Result "1-0"]
[WhiteElo "2611"]
[BlackElo "2467"]
[TimeControl "180+1"]
[EndTime "8:53:25 PDT"]
[Termination "ketster won by resignation"]

1. d4 d5 2. c4 c6 3. cxd5 cxd5 4.
Bf4 Nc6 5. e3 Nf6 6. Nc3 Bf5 7.
Qb3 Na5 8. Qa4+ Bd7 9. Qc2 e6 10. Bd3 Rc8 11. Nf3 Be7 12. h3 O-O 13. O-O b5 14.
Qe2 b4 15. Nb1 Ne4 16. Nbd2 f5 17. Ne5 Be8 18. f3 Nxd2 19. Qxd2 Nc6 20. Ba6 Nxe5 21. Bxc8 Nxf3+ 22. Rxf3 Qxc8 23. Rc1 Qa6 24. b3 Bb5 25. Be5 Bh4 26. Rc7 Rf7 27. Qc1 Bf6 28. Rxf7 Kxf7 29. Qc7+ 1-0

[Event "Early-Titled-Tuesday-Blitz-April-02-2024"]
[Site "Chess.com"]
[Date "2024.04.02"]
[Round "5"]
[White "dodorox"]
[Black "sathvikadiga"]
[Result "0-1"]
[WhiteElo "2175"]
[BlackElo "2555"]
[TimeControl "180+1"]
[EndTime "8:53:26 PDT"]
[Termination "sathvikadiga won by resignation"]

1. d4 Nf6 2. c4 g6 3. Nc3 Bg7 4. e4 d6 5. Nf3 O-O 6. h3 e5 7.
d5 Nh5 8. g3 f5 9. exf5 gxf5 10.
Nh4 Nf4 11. Be3 Ng6 12. Qh5 Qe8 13. Bd3 Nf4 14. Qxe8 Nxd3+ 15. Kd2 Rxe8 16. Kxd3 Nd7 17. Rae1 Bf6 18. Nb5 Bd8 19. Nxa7 f4 20. gxf4 Bxh4 21. Rhg1+ Kf7 22. Nb5 e4+ 23. Kc2 Bd8 24. Nd4 Nc5 25.
b4 Nd3 26. Ra1 Nxb4+ 0-1